 Dungeon Crawl Stone Soup version 0.20-a0-689-g860b9ab (console) character file.

167 nht the Insei (level 5, -1/38 HPs)
             Began as a Vampire Wanderer on Feb 19, 2017.
             Was an Initiate of Gozag.
             Slain by a gnoll
             ... wielding a +2 flail of crushing
              (5 damage)
             ... on level 4 of the Dungeon.
             The game lasted 00:04:00 (2173 turns).

nht the Insei (Vampire Wanderer)                    Turns: 2173, Time: 00:04:00

Health: -1/38      AC:  5    Str: 18    XL:     5   Next: 23%
Magic:  6/6        EV: 17    Int: 14    God:    Gozag
Gold:   163        SH:  0    Dex: 18    Spells: 6/6 levels left

rFire    + . .     SeeInvis +   b - +0 quarterstaff
rCold    + . .     Gourm    .   a - +2 leather armour
rNeg     . . .     Faith    .   (shield currently unavailable)
rPois    +         Spirit   .   (no helmet)
rElec    +         Reflect  .   (no cloak)
rCorr    +         Harm     .   (no gloves)
MR       .....                  (no boots)
Stlth    +++.......             (no amulet)
Regen    0.4/turn               (no ring)
MPRegen  0.1/turn               (no ring)

@: mighty, agile, resistant, very slightly contaminated, regenerating quickly,
hasted, very quick
A: fangs 3, see invisible, unbreathing
a: Potion Petition, Call Merchant, Bribe Branch, Renounce Religion


You were on level 4 of the Dungeon.
You worshipped Gozag.
Gozag was aware of your devotion.
You were full.

You visited 1 branch of the dungeon, and saw 4 of its levels.

You collected 224 gold pieces.
You paid 61 gold pieces to Gozag.

Inventory:

Hand Weapons
 b - a +0 quarterstaff (weapon)
 d - a +0 dagger
Armour
 a - a +2 leather armour (worn)
Jewellery
 i - an uncursed ring of protection from fire {unknown}
Scrolls
 h - 2 scrolls of identify {unknown}
 k - a scroll of remove curse {unknown}
 n - a scroll of fog {unknown}
 o - a scroll of teleportation {unknown}
Potions
 e - 12 potions of blood
 f - 2 potions of degeneration {unknown}
 g - a potion of flight
 j - a potion of curing {unknown}
 l - a potion of experience {unknown}
 m - a potion of might {unknown}
Books
 c - the Tome of Transmutation

   Spells                             Type                      Level
   a - Beastly Appendage              Transmutation                1
   b - Spider Form                    Transmutation/Poison         3


   Skills:
 - Level 1.7 Fighting
 - Level 1.1 Dodging
 - Level 3.0 Stealth
 + Level 5.7 Unarmed Combat
 - Level 1.0 Spellcasting
   Level 1.1 Transmutations
   Level 1.0 Air Magic
   Level 1.0 Evocations


You had 6 spell levels left.
You didn't know any spells.

Dungeon Overview and Level Annotations

Branches:
Dungeon (4/15)
 Temple: D:4-7

Altars:
Gozag
Qazlal
Yredelemnul

Annotations:
D:4 Blork the orc


Innate Abilities, Weirdness & Mutations

Your natural rate of healing is unusually fast.
You have razor-sharp teeth.
You have supernaturally acute eyesight. (SInv)
You can survive without breathing.


Message History

The gnoll hits you from afar with a spear.
* * * LOW HITPOINT WARNING * * *
The hound completely misses you. The gnoll hits you.
* * * LOW HITPOINT WARNING * * *
Blork the orc screams, "I'm going to kill you!"
Okay, then. [a] - 0 gold - might, agility and brilliance [b] - 0 gold - haste, agility and flight [c] - 0 gold - resistance, might, haste and agility Purchase which effect?
You feel protected.
You feel very mighty all of a sudden.
You feel yourself speed up.
You feel agile all of a sudden. The hound closely misses you.
The gnoll barely misses you.
The gnoll completely misses you. x2; Blork the orc closely misses you.
The hound barely misses you.
You are very lightly contaminated with residual magic.
The gnoll hits you with a flail of crushing.
You die...
Your body crumbles into a pile of gold.

█.█ █.██ █..█
█..█ █..█
█..██ █
█...███..█
██......█
██████.@█████
.....(g.█
.....ogh█
.....gg..
..........
...<.......
█.........?.
...██....%.██
█.. ██......


You could see Blork the orc, a hound and 4 gnolls.

Vanquished Creatures
  An orc priest (D:3)
  A worker ant (D:4)
  A gnoll (D:2)
  An adder (D:2)
  5 dart slugs
  A leopard gecko (D:2)
  4 orcs (D:3)
  5 giant cockroaches
  6 hobgoblins
  8 jackals (D:1)
  2 quokkas
  3 ball pythons
  9 bats
  3 frilled lizards
  9 goblins
  10 kobolds
  6 rats
  A spectral orc (D:4)
76 creatures vanquished.

Notes
Turn   | Place    | Note
-------+----------+-------------------------------------------
     0 | D:1      | nht the Vampire Wanderer began the quest for the Orb.
     0 | D:1      | nht set off with: a +2 leather armour, a +0 quarterstaff, the Tome of Transmutation, a +0 dagger, a potion of blood
     0 | D:1      | Reached XP level 1. HP: 16/16 MP: 2/2
     0 | D:1      | Identified the Tome of Transmutation
   159 | D:1      | Reached skill level 2 in Unarmed Combat
   200 | D:1      | Reached XP level 2. HP: 12/22 MP: 3/3
   442 | D:1      | Reached skill level 3 in Unarmed Combat
   573 | D:1      | Reached XP level 3. HP: 24/27 MP: 4/4
   772 | D:2      | Reached skill level 4 in Unarmed Combat
   912 | D:2      | Reached XP level 4. HP: 33/33 MP: 5/5
  1600 | D:3      | Found a stormy altar of Qazlal.
  1639 | D:3      | Reached skill level 5 in Unarmed Combat
  1725 | D:3      | Reached XP level 5. HP: 34/38 MP: 6/6
  2055 | D:3      | Found an opulent altar of Gozag.
  2097 | D:3      | Became a worshipper of Gozag Ym Sagoz the Greedy
  2138 | D:4      | Found a basalt altar of Yredelemnul.
  2164 | D:4      | Noticed Blork the orc
  2173 | D:4      | Slain by a gnoll

Vault maps used:
D:1:      dpeg_arrival_rhombi, st_stairs_13
D:3:      old_standard_altar, nicolae_overflow_crystal_walls
D:4:      kennysheep_slug_shrine, yredelemnul_forgotten_temple_becter,
          demons_altar, first_bread, uniq_pikel, uniq_duvessa,
          uniq_blork_the_orc

Skill      XL: |  1  2  3  4 |
---------------+-------------+-----
Unarmed Combat | 2 3 4 5 |  5.7
Fighting       | |  1.7
Dodging        | |  1.1
Stealth        | |  3.0
Spellcasting   | |  1.0
Transmutations | |  1.1
Air Magic      | |  1.0
Evocations     | |  1.0

Action                   |  1- 3 |  4- 6 || total
-------------------------+-------+-------++-------
Melee: Quarterstaff      |   118 |   104 ||   222
       Bite              |     9 |     3 ||    12
Invok: Potion Petition   |       |     1 ||     1
  Use: Potion            |     7 |     9 ||    16
 Stab: Sleeping          |     3 |     5 ||     8
Armor: Leather armour    |    63 |    33 ||    96
       Skin              |       |    97 ||    97
Dodge: Dodged            |    73 |    94 ||   167
